 Dungeon Crawl Stone Soup version 0.29.1-2-gbd0b4ee654 (webtiles) character file.

Game seed: 302410935840064051

53 KittyFluff the Trooper (level 3, -2/36 HPs)
             Began as a Gargoyle Berserker on Nov 23, 2022.
             Was a Follower of Trog.
             Slain by a gnoll
             ... wielding a +3 spear
              (3 damage)
             ... on level 2 of the Dungeon.
             The game lasted 00:05:12 (1536 turns).

KittyFluff the Trooper (Gargoyle Berserker)         Turns: 1536, Time: 00:05:13

Health: -2/36      AC:  5    Str: 20    XL:     3   Next: 87%
Magic:  3/3        EV: 12    Int:  7    God:    Trog [*.....]
Gold:   45         SH:  0    Dex: 11    Spells: 2/2 levels left

rFire   . . .      SeeInvis .   a - +0 mace
rCold   . . .      Faith    .   (no shield)
rNeg    + . .      Spirit   .   b - +0 animal skin
rPois   ∞          Reflect  .   (no helmet)
rElec   +          Harm     .   (no cloak)
rCorr   .          Rampage  .   (no gloves)
Will    .....                   (no boots)
Stlth   ..........              (no amulet)
HPRegen 0.12/turn               (no ring)
MPRegen 0.08/turn               (no ring)

@: berserking, very quick
A: sickness immunity, AC +3, negative energy resistance 1, electricity
resistance, torment resistance 1, petrification resistance
a: Renounce Religion, Berserk


You were on level 2 of the Dungeon.
You worshipped Trog.
Trog was aware of your devotion.
You visited 1 branch of the dungeon, and saw 2 of its levels.

You collected 45 gold pieces.

Inventory:

Hand Weapons
 a - a +0 mace (weapon)
Missiles
 e - 5 poisoned darts (quivered)
 f - 3 javelins
Armour
 b - a +0 animal skin (worn)
Scrolls
 c - a scroll of blinking
 d - a scroll of noise {unknown}
 h - a scroll of magic mapping {unknown}
 i - a scroll of teleportation {unknown}
Potions
 g - a potion of curing {unknown}


   Skills:
 + Level 3.8 Fighting
 + Level 3.6 Maces & Flails
 * Level 2.8 Armour
 + Level 1.8 Dodging
 + Level 0.9 Stealth


You had 2 spell levels left.
You didn't know any spells.
Your spell library was empty.

Dungeon Overview and Level Annotations

Branches:
Dungeon (2/15)

Altars:


Innate Abilities, Weirdness & Mutations

You are immune to sickness and miasma.
Your stone body is resilient. (AC +3)
You are immune to poison.
You resist negative energy. (rN+)
You are resistant to electric shocks. (rElec)
You are resistant to unholy torment.
You are immune to petrification.


Message History

Trog accepts your kill.
You see here a quokka corpse.
You now have 32 gold pieces (gained 9).
You see here a quokka corpse.
You now have 45 gold pieces (gained 13).
You see here a quokka corpse.
Found a scroll labelled UCUINA MIN UNUEX.
i - a scroll labelled UCUINA MIN UNUEX You open the door. 7 gnolls come into view.
The gnoll shouts! x3; You hear a shout!
Found a scroll labelled BUMNOS INUVER.
The gnoll shouts! x2
You hit the gnoll.
The gnoll is heavily wounded.
You sock the gnoll!
The gnoll is heavily wounded.
The gnoll closely misses you.
You closely miss the gnoll.
The gnoll is heavily wounded.
The gnoll hits you with a +0 flail. The gnoll hits you but does no damage.
The gnoll closely misses you.
You hit the gnoll.
The gnoll is almost dead.
The gnoll hits you with a +0 flail. The gnoll hits you but does no damage.
The gnoll hits you from afar with a +3 spear.
You hit the gnoll.
You kill the gnoll!
Trog accepts your kill. The gnoll closely misses you. x2
The gnoll hits you from afar with a +3 spear.
A gnoll comes into view. It is wielding a +0 club.
The gnoll hits you with a +0 flail.
* * * LOW HITPOINT WARNING * * *
A red film seems to cover your vision as you go berserk!
You feel yourself moving faster!
You feel mighty! The gnoll hits you with a +0 flail!
* * * LOW HITPOINT WARNING * * *
The gnoll hits you from afar with a +3 spear.
You die...

####### #.....#
#.....#
g######g....#
.ggggg'@....#
#######)....#
#.##### #.# #.#
#########.#
#.........#
##.#################
#.# #.....†....#


You could see 7 gnolls.

Vanquished Creatures
  A gnoll (D:2)
  3 dart slugs (D:1)
  2 ball pythons
  An endoplasm (D:1)
  2 giant cockroaches (D:1)
  4 goblins
  4 hobgoblins (D:1)
  2 jackals (D:1)
  2 kobolds
  4 quokkas
  A bat (D:1)
  2 frilled lizards
  4 rats
32 creatures vanquished.

Notes
Turn   | Place    | Note
-------+----------+-------------------------------------------
     0 | D:1      | KittyFluff the Gargoyle Berserker began the quest for the
                  | Orb.
     0 | D:1      | Reached XP level 1. HP: 14/14 MP: 1/1
   157 | D:1      | Reached XP level 2. HP: 10/19 MP: 2/2
   601 | D:1      | Reached XP level 3. HP: 18/24 MP: 3/3
  1536 | D:2      | HP: 1/36 [gnoll/+0 flail (9)]
  1536 | D:2      | Slain by a gnoll

Illustrated notes

Levels and vault maps discovered:
D:1:      amcnicky_arrival_abandoned_market, layout_basic,
          shapermc_ecumenical_altar_acropolis, serial_glass, glass_columns_a,
          glass_columns_a, item_on_display_a, feat_on_display
D:2:      layout_basic, serial_corexii_hall, corexii_hall_statues_deadend,
          corexii_hall_statues_i, basic_altar, uniq_natasha, uniq_jessica

Action                   || total
-------------------------++-------
Melee: Mace              ||   103
Invok: Berserk           ||     1
  Use: Scroll            ||     1
 Stab: Sleeping          ||     3
Armor: Animal skin       ||    37
Dodge: Dodged            ||    53
